 Dungeon Crawl Stone Soup version 0.30-a0-605-gb2882149bf (webtiles) character file.

Game seed: 2196268770245514901

105 OTABOTABOTAB the Insei (level 4, -2/28 HPs)
             Began as an Octopode Transmuter on Jan 7, 2023.
             Slain by a gnoll
             ... wielding a +0 spear
              (10 damage)
             ... on level 3 of the Dungeon.
             The game lasted 00:03:35 (2053 turns).

OTABOTABOTAB the Insei (Octopode Transmuter)        Turns: 2053, Time: 00:03:36

Health: -2/28      AC:  2    Str:  9    XL:     4   Next: 81%
Magic:  5/7        EV: 19    Int: 17    God:
Gold:   153        SH:  0    Dex: 17    Spells: 1/7 levels left

rFire   . . .      SeeInvis .      - Unarmed
rCold   . . .      Faith    .    (shield currently unavailable)
rNeg    . . .      Spirit   .    (helmet currently unavailable)
rPois   x          Reflect  .    (no amulet)
rElec   .          Harm     .    (no ring)
rCorr   .          Rampage  .    (no ring)
Will    .....                    (no ring)
Stlth   ++                       (no ring)
HPRegen 0.24/turn                (no ring)
MPRegen 0.10/turn                (no ring)
                                 (no ring)
                                 (no ring)

@: spider-form (expiring)
A: venomous fangs, almost no armour, (amphibious), 8 rings, tiny, (camouflage
1), (gelatinous body 1), (nimble swimmer 1), (tentacles)
a: End Transformation


You were on level 3 of the Dungeon.
You were a venomous arachnid creature.
You visited 1 branch of the dungeon, and saw 3 of its levels.

You collected 153 gold pieces.

Inventory:

Hand Weapons
 a - a +1 dagger of venom (melded)
   (You took it off a kobold on level 1 of the Dungeon)
Missiles
 e - 6 poisoned darts
 l - 5 boomerangs
Scrolls
 c - a scroll of enchant weapon
 d - 2 scrolls of teleportation {unknown}
Potions
 b - a potion of might {unknown}
 f - a potion of haste {unknown}
 k - a potion of cancellation {unknown}
 n - a potion of brilliance {unknown}
 N - 3 potions of heal wounds {@q2}
 P - a potion of lignification {!q}
 U - 2 potions of mutation {!q}


   Skills:
 - Level 1.0 Fighting
 - Level 2.0 Dodging
 + Level 3.9 Unarmed Combat
 - Level 2.0 Spellcasting
 + Level 3.2 Transmutations
 + Level 2.8 Poison Magic


You had one spell level left.
You knew the following spells:

 Your Spells              Type           Power      Damage    Failure   Level
a - Beastly Appendage     Tmut           24%        N/A       16%         1
b - Wereblood             Tmut           12%        N/A       21%         2
c - Spider Form           Tmut/Pois      11%        N/A       36%         3

Your spell library contained the following spells:

 Spells                   Type           Power      Damage    Failure   Level
 Magic Dart               Conj           4%         1d3       38%         1
 Searing Ray              Conj           2%         2d4       50%         2
 Ice Form                 Ice/Tmut       7%         N/A       86%         4
 Airstrike                Air            0%         2d(1-17)  96%         4
 Fulminant Prism          Conj/Hex       0%         3d5       96%         4
 Summon Lightning Spire   Summ/Air       1%         N/A       96%         4
 Lightning Bolt           Conj/Air       0%         1d11      100%        5


Dungeon Overview and Level Annotations

Branches:
Dungeon (3/15)

Altars:

Shops:
D:2 ?

Portals:
Abyss: D:3

Annotations:
D:3 2 transporters


Innate Abilities, Weirdness & Mutations

You are a venomous arachnid creature.
You have venomous fangs.
You are tiny and dextrous.
Your spellcasting is less reliable in this form.
Your armour is entirely melded.
You are incapable of wielding weapons or throwing items.
You cannot wear most types of armour.
((You are amphibious.))
You can wear up to eight rings at the same time.
((Your skin changes colour to match your surroundings (Stealth+).))
((Your rubbery body absorbs attacks. (AC +1, EV +1)))
((You are camouflaged when in or above water. (Stealth+)))
((You have tentacles for arms and can constrict up to eight enemies at once.))


Message History

An endoplasm is nearby!
The endoplasm quivers.
You barely miss the endoplasm.
The endoplasm hits you but does no damage.
An endoplasm is nearby!
You hit the endoplasm. You squeeze the endoplasm.
You kill the endoplasm!
No target in view!
No target in view!
No target in view!
No target in view!
You now have 129 gold pieces (gained 3).
The crimson imp shouts!
Found a one-way gate to the infinite horrors of the Abyss.
You now have 142 gold pieces (gained 13).
d - a scroll labelled WYG ZOGEGES A ball python comes into view.
A ball python is nearby!
You see here 6 poisoned darts.
The ball python hisses angrily.
The ball python bites you. The ball python closely misses you.
You take 1 damage, and have 27/28 hp.
You barely miss the ball python. You grab the ball python.
You squeeze the ball python, but do no damage.
You constrict the ball python. The ball python closely misses you.
The ball python barely misses you.
You hit the ball python.
The ball python is poisoned.
You constrict the ball python.
You kill the ball python!
Health restored: 28 No target in view!
Unknown command.
e - 6 poisoned darts A frilled lizard comes into view.
A frilled lizard is nearby!
The frilled lizard hisses angrily.
You miss the frilled lizard. Your grab misses the frilled lizard.
The frilled lizard closely misses you.
You hit the frilled lizard.
The frilled lizard is poisoned.
Your grab misses the frilled lizard. You squeeze the frilled lizard.
You kill the frilled lizard!
No target in view!
No target in view!
You now have 153 gold pieces (gained 11).
A goblin comes into view. It is wielding a +0 club.
A goblin is nearby!
The goblin shouts!
A goblin is nearby!
A goblin is nearby!
You hit the goblin.
The goblin is poisoned.
You grab the goblin. You squeeze the goblin.
You kill the goblin!
d - 2 scrolls labelled WYG ZOGEGES (gained 1)
You see here a +0 club.
N - 3 potions of heal wounds {@q2} (gained 1)
A gnoll comes into view.
It is wielding a +0 spear. 2 gnolls come into view.
The gnoll shouts!
A hobgoblin comes into view.
A gnoll comes into view. It is wielding a +0 spear.
The gnoll closely misses you. The gnoll barely misses you.
There are monsters nearby!
The gnoll shouts! x2; The hobgoblin shouts!
You hit the gnoll.
The gnoll is poisoned.
You grab the gnoll. You constrict the gnoll.
The gnoll hits you with a +0 spear.
The gnoll hits you from afar with a +0 spear.
You take 7 damage, and have 21/28 hp.
MASSIVE DAMAGE!!
You release your grip on the gnoll.
The gnoll barely misses you.
The spell is quite dangerous to miscast (19% risk of failure)!
Continue anyway?
You turn into a venomous arachnid creature.
Your +1 dagger of venom melds into your body.
Your +1 dagger of venom stops dripping with poison.
The gnoll hits you from afar with a +0 spear. x2
The gnoll completely misses you.
You take 9 damage, and have 12/28 hp.
MASSIVE DAMAGE!!
You now have 4/7 mp.
You kill the gnoll!
Your transformation is almost over.
The gnoll hits you from afar with a +0 spear.
You take 4 damage, and have 11/28 hp.
The gnoll closely misses you. The gnoll hits you with a +0 spear.
* * * LOW HITPOINT WARNING * * *
You take 5 damage, and have 6/28 hp.
You hit the gnoll. You hit the gnoll but do no damage.
The gnoll is poisoned.
The gnoll closely misses you. x2
You barely miss the gnoll. The gnoll completely misses you.
The gnoll misses you.
You hit the gnoll.
The gnoll looks as sick as possible!
You kill the gnoll!
The gnoll closely misses you. The gnoll closely misses you.
Things that are here:
a +0 spear; a gnoll corpse You hit the gnoll but do no damage.
The gnoll is poisoned.
The gnoll completely misses you.
You bite the gnoll! The gnoll hits you with a +0 spear!
You die...

#.#.#..# #. #.##.#.######.
#.####........ # #.# ########.
#. #.# #. ###.##
#########.######## #. ##.....
#...........)....####.
.......##.#########.####......
..........gggs.......# ######.
#......############..#######..
$...... #..#........ #######
#....#####.. ##..........
###########


You could see 2 gnolls and a hobgoblin.

Vanquished Creatures
  2 gnolls (D:3)
  An adder (D:3)
  3 dart slugs (D:1)
  6 ball pythons
  5 bats
  6 endoplasms
  3 giant cockroaches
  7 goblins
  6 hobgoblins
  3 jackals (D:2)
  5 quokkas
  8 frilled lizards
  7 kobolds
  3 rats (D:1)
65 creatures vanquished.

Notes
Turn   | Place    | Note
-------+----------+-------------------------------------------
     0 | D:1      | OTABOTABOTAB the Octopode Transmuter began the quest for
                  | the Orb.
     0 | D:1      | Reached XP level 1. HP: 13/13 MP: 3/3
   102 | D:1      | Reached XP level 2. HP: 18/18 MP: 3/5
   115 | D:1      | Reached skill level 1 in Poison Magic
   389 | D:1      | Reached XP level 3. HP: 23/23 MP: 6/6
   419 | D:1      | You fall into a shaft and drop 1 floor!
   656 | D:2      | Found Iffaihuth's Magic Scroll Shop.
   697 | D:2      | Reached skill level 2 in Poison Magic
  1002 | D:1      | Reached XP level 4. HP: 25/28 MP: 7/7
  1563 | D:2      | Learned a level 2 spell: Wereblood
  1567 | D:2      | Learned a level 3 spell: Spider Form
  1609 | D:2      | Reached skill level 3 in Transmutations
  1938 | D:3      | Found a transporter.
  1942 | D:3      | Found a transporter.
  1947 | D:3      | Noticed an ancient zyme
  1948 | D:3      | Found a one-way gate to the infinite horrors of the Abyss.
  1948 | D:3      | Noticed a kobold brigand
  2046 | D:3      | HP: 6/28 [gnoll/+0 spear (5)]
  2053 | D:3      | Slain by a gnoll

Illustrated notes

Levels and vault maps discovered:
D:1:      ncdulo_wetmaze, layout_basic
D:2:      layout_basic, serial_shops, nicolae_diamond_shop, minmay_surrounded
D:3:      layout_loops_ring, gammafunk_ghost_abyssal_escape

Skill      XL: |  1  2  3  4 |
---------------+-------------+-----
Poison Magic   | 1 2 |  2.8
Transmutations | 3 |  3.2
Fighting       | |  1.0
Dodging        | |  2.0
Unarmed Combat | |  3.9
Spellcasting   | |  2.0

Action                   |  1- 3 |  4- 6 || total
-------------------------+-------+-------++-------
Melee: Unarmed           |    29 |     6 ||    35
       Tentacles         |    22 |    11 ||    33
       Kick              |    10 |       ||    10
       Constrict         |    30 |    12 ||    42
       Dagger            |    70 |    34 ||   104
       Punch             |     1 |       ||     1
Throw: Stone             |    11 |       ||    11
 Cast: Beastly Appendage |     8 |       ||     8
       Spider Form       |       |     1 ||     1
 Abil: End Transformatio |     3 |       ||     3
  Use: Scroll            |       |     8 ||     8
 Stab: Sleeping          |     5 |     3 ||     8
Armor: Skin              |     6 |     1 ||     7
Dodge: Dodged            |    52 |    31 ||    83

Table legend: (Time is in decaauts)
 A = Elapsed time spent in this place.
 B = Non-inter-level travel time spent in this place.
 C = Inter-level travel time spent in this place.
 D = Time resting spent in this place.
 E = Time spent auto-exploring this place.
 F = Levels seen in this place.
 G = Mean time per level.
                   A        B        C        D        E       F      G
               +--------+--------+--------+--------+--------+-----+--------+
         Total |   2051 |   1993 |     58 |    100 |   1452 |   3 |  683.7 |
       Dungeon |   2051 |   1993 |     58 |    100 |   1452 |   3 |  683.7 |
               +--------+--------+--------+--------+--------+-----+--------+

Top non-repeatable levels by time:
     D:2: 1120 daAuts
     D:1: 767 daAuts
     D:3: 163 daAuts

Table legend:
 A = Kills in this place as a percentage of kills in entire the game.
 B = Kills by you in this place as a percentage of kills by you in the entire game.
 C = Kills by friends in this place as a percentage of kills by friends in the entire game.
 D = Other kills in this place as a percentage of other kills in the entire game.
 E = Experience gained in this place as a percentage of experience gained in the entire game.
 F = Experience gained in this place divided by the number of levels of this place that you have seen.
                   A       B       C       D       E      F
               +-------+-------+-------+-------+-------+----------------------
         Total | 100.0 | 100.0 |   N/A |   N/A | 100.0 |  50.0
       Dungeon | 100.0 | 100.0 |   N/A |   N/A | 100.0 |  50.0
               +-------+-------+-------+-------+-------+----------------------
